 BcadrenCrawl: Boulder Brew version 0.05.21-81-gd28e3044bd (webtiles) character file.

Game seed: 12686970986785961860, levelgen mode: deterministic

18284 theanonym the Fencer (level 12, -2/111 HPs) Minotaur Noble. Began on Sept 7, 2021. Was the Champion of Okawaru. Slain by a small abomination (18 damage) ... created by a death knight ... on level 7 of the Dungeon. The game lasted 00:26:07 (10756 turns).

theanonym the Fencer (Minotaur Noble)              Turns: 10756, Time: 00:26:08

Health: -2/111     AC: 53    Str: 32    XL:     12 ^: 11913
Magic:  14/14      EV: 11    Int:  7    God:    Okawaru [6* [169]]
Gold:   364        SH:  0    Dex: 10    Spells: 13/13 levels left

rFire    . . .     Vision   +   t - +2 scimitar (molten)
rCold    . . .     Gourm    .   c - +1 scimitar
rNeg     . . .     Faith    .   p - +13 crystal plate of the Gravedigger {MR+ Str+3 +Vis}
rCorr    . . .     Spirit   .   d - +1 hat
rPois    .         Reflect  .   o - +0 cloak
rElec    .         Harm     .   k - +0 pair of clawed gauntlets
MR       +....                  r - +1 pair of boots
Stlth    ..........             (no amulet)
HPRegen  0.47/turn              a - ring of protection
MPRegen  0.24/turn              z - ring of protection

@: mighty, heroism
A: horns, retaliatory headbutt 2
a: Heroism, Finesse, Renounce Religion


Innate Abilities, Weirdness & Mutations

You reflexively attack those that strike you in melee with your horns.


   Skills:
 + Level 11.7(16.7) Fighting
 * Level 15.6(20.6) Long Blades
 + Level 11.5(16.5) Armour
 - Level 0.7(5.7) Stealth
 - Level 1.0 Spellcasting
 - Level 5.0 Invocations


You had 13 spell levels left.
You didn't know any spells.
Your spell library was empty.

Skill      XL: |  1  2  3  4  5  6  7  8  9 10 11 |
---------------+----------------------------------+-----
Long Blades    | 1 2 3 4 6 7 9 11 13 15 | 15.6
Armour         | 1 2 3 4 5 6 8 9 11 | 11.5
Fighting       | 2 3 4 5 6 8 9 11 | 11.7
Invocations    | 1 4 5 |  5.0
Stealth        | |  0.7
Spellcasting   | |  1.0

Action                   |  1- 3 |  4- 6 |  7- 9 | 10-12 || total
-------------------------+-------+-------+-------+-------++-------
Melee: Scimitar          |    73 |   149 |   409 |   585 ||  1216
       Unarmed           |    59 |   127 |   375 |   433 ||   994
       Headbutt          |     2 |    16 |    47 |   161 ||   226
       Short sword       |       |       |       |     6 ||     6
Invok: Heroism           |       |       |     2 |     8 ||    10
Evoke: Wand              |       |       |     1 |     2 ||     3
       Lamp of fire      |       |       |       |     1 ||     1
  Use: Potion            |       |     1 |     3 |     5 ||     9
       Scroll            |       |     1 |     1 |     2 ||     4
  Eat: Chunk             |       |     2 |     9 |     9 ||    20
       Ration            |       |     1 |     2 |     3 ||     6
Armor: Gold dragon scale |    52 |   169 |   371 |    70 ||   662
       Skin              |       |       |    14 |       ||    14
       Crystal plate     |       |       |       |   544 ||   544
Dodge: Dodged            |    22 |    73 |   122 |   130 ||   347
       Rpst.: Scimitar   |     3 |    25 |    26 |    29 ||    83

Inventory:

Weapons
 c - a +1 scimitar (weapon)
 t - a +2 scimitar of molten steel (weapon)
Armour
 b - +0 gold dragon scales
 d - a +1 hat (worn)
 g - +0 acid dragon scales
 k - a +0 pair of clawed gauntlets (worn)
 o - a +0 cloak (worn)
 p - the +13 crystal plate of the Gravedigger (worn) {MR+ Str+3 +Vis}

   It affects your strength (+3).
   It affects your resistance to hostile enchantments.
   It improves your vision.
 r - a +1 pair of boots (worn)
Jewellery
 a - a ring of protection (left claw)
 v - a cursed ring of fire {(Curse: *Corrode)}
 z - a ring of protection (right claw)
Wands
 u - a wand of polymorph
 w - a wand of flame (2)
 A - a wand of scattershot (2)
Scrolls
 f - a scroll of fog
 s - 3 scrolls of holy word
 y - 2 scrolls of magic mapping
Potions
 j - a potion of cancellation
 l - 4 potions of curing
 n - 5 potions of mutation
 D - a potion of magic
Miscellaneous
 i - a lamp of fire
 x - a fan of gales
Comestibles
 e - 7 rations
 h - 5 chunks of flesh


You were on level 7 of the Dungeon.
You worshipped Okawaru.
Okawaru was exalted by your worship.
You were not hungry.

You visited 2 branches of the dungeon, and saw 8 of its levels.
You also visited: Market.

You collected 324 gold pieces.
You spent 960 gold pieces at shops.

Dungeon Overview and Level Annotations

Branches:
Dungeon (7/8)              Temple (1/1) D:4            Lair (0/6) D:5
    Orc (0/2) D:6
 Vaults: D:7

Altars:
Ashenzari
Cheibriados
Dithmenos
Elyvilon
Fedhas Madash
Gozag Ym Sagoz
Hepliaklqana
Kikubaaqudgha
Makhleb
Nemelex Xobeh
Okawaru
Qazlal
Ru
Sif Muna
Trog
Uskayaw
Vehumet
Wu Jian
Xom
Yredelemnul
Zin
The Shining One
Beogh

#######################
#.....@x........)....).
#...#
#.######..########..###
#...# #.# #..# #..#
#...# #.# #..# #..#
#...# #.# #..# #x.#
#...# #.# #..# #.p#
#...# #.# #..# #..#
#...# #.# #..# #..#
#<..# #.# #รท.# #.[#


You could see a small abomination.

Notes
Turn   | Place    | Note
-------+----------+-------------------------------------------
     0 | Start Ma | theanonym the Minotaur Noble began the quest for the Orb.
     0 | Start Ma | Reached XP level 1. HP: 16/16 MP: 1/1
     0 | Start Ma | Found Omoliac's Expert Tomes.
     7 | Start Ma | Found Fourasar's Auxillary Armour.
     8 | Start Ma | Bought +0 gold dragon scales for 800 gold pieces
    25 | Start Ma | Found Momut's Mashing MeleeMart.
    28 | Start Ma | Bought a +0 scimitar for 160 gold pieces
    47 | D:1      | theanonym set off with the following items: +0 gold dragon
                  | scales, a +0 scimitar, a ration
    81 | D:1      | Reached skill level 1 in Long Blades
    82 | D:1      | Reached skill level 1 in Armour
    82 | D:1      | Reached XP level 2. HP: 20/24 MP: 2/2
    87 | D:1      | Reached skill level 2 in Fighting
    87 | D:1      | Reached skill level 2 in Long Blades
    87 | D:1      | Reached XP level 3. HP: 25/29 MP: 3/3
   697 | D:2      | Reached skill level 3 in Long Blades
   697 | D:2      | Reached skill level 2 in Armour
   697 | D:2      | Reached XP level 4. HP: 36/37 MP: 4/4
   811 | D:2      | HP: 17/37 [acid (8)]
   924 | D:2      | Reached skill level 3 in Fighting
  1055 | D:2      | Noticed a crocodile
  1064 | D:2      | HP: 8/38 [crocodile (15)]
  1065 | D:2      | Killed a crocodile
  1065 | D:2      | Reached skill level 4 in Long Blades
  1065 | D:2      | Reached skill level 3 in Armour
  1065 | D:2      | Reached XP level 5. HP: 10/45 MP: 5/5
  1236 | D:2      | HP: 21/45 [sewer rat (3)]
  1247 | D:2      | HP: 19/45 [sewer rat (4)]
  1257 | D:2      | HP: 9/45 [sewer rat (4)]
  1261 | D:1      | Reached XP level 6. HP: 11/52 MP: 6/6
  1264 | D:1      | Reached skill level 5 in Long Blades
  1444 | D:2      | HP: 26/52 [sewer rat (2)]
  1621 | D:2      | Reached skill level 4 in Fighting
  1784 | D:2      | Reached skill level 4 in Armour
  1804 | D:2      | Reached skill level 6 in Long Blades
  1846 | D:2      | Reached XP level 7. HP: 59/60 MP: 7/7
  2129 | D:2      | HP: 30/60 [big kobold/+1 short sword of holy wrath (8)]
  2134 | D:2      | HP: 18/60 [big kobold/+1 short sword of holy wrath (1)]
  2460 | D:2      | Reached skill level 5 in Fighting
  2489 | D:2      | Reached skill level 7 in Long Blades
  2560 | D:2      | Reached skill level 5 in Armour
  3190 | D:3      | Reached XP level 8. HP: 58/69 MP: 8/8
  3539 | D:3      | Reached skill level 8 in Long Blades
  3983 | D:4      | Reached skill level 6 in Fighting
  4010 | D:4      | Reached skill level 6 in Armour
  4032 | D:4      | Noticed Joseph
  4148 | D:4      | Found a staircase to the Ecumenical Temple.
  4157 | Temple   | Entered the Ecumenical Temple
  4368 | Temple   | Became a worshipper of Warmaster Okawaru
  4416 | D:4      | Reached skill level 9 in Long Blades
  4529 | D:4      | Killed Joseph
  4529 | D:4      | Received a gift from Okawaru
  4529 | D:4      | Reached skill level 1 in Invocations
  4662 | D:4      | Reached XP level 9. HP: 77/78 MP: 9/9
  4677 | D:4      | Reached * piety under Okawaru
  4677 | D:4      | Reached skill level 2 in Invocations
  4754 | D:4      | Reached skill level 7 in Fighting
  4910 | D:4      | HP: 38/79 [orc warrior/+0 halberd (10)]
  5204 | D:4      | Noticed Maurice
  5212 | D:4      | Reached skill level 10 in Long Blades
  5212 | D:4      | Reached skill level 7 in Armour
  5230 | D:4      | Killed Maurice
  5374 | D:4      | Found a stormy altar of Qazlal.
  5417 | D:4      | Reached ** piety under Okawaru
  5417 | D:4      | Reached skill level 3 in Invocations
  5646 | D:4      | Found a staircase to the Ecumenical Temple.
  5721 | D:4      | HP: 40/80 [acid (6)]
  5880 | D:5      | Entered Level 5 of the Dungeon
  5928 | D:5      | Noticed a troll
  5929 | D:5      | Noticed an elephant
  5930 | D:5      | Found a staircase to the Lair.
  6016 | D:4      | Found a stormy altar of Qazlal.
  6315 | D:5      | Reached skill level 11 in Long Blades
  6350 | D:5      | Reached skill level 8 in Fighting
  6522 | D:5      | Reached skill level 8 in Armour
  6522 | D:5      | Reached skill level 4 in Invocations
  6527 | D:5      | Noticed a troll
  6537 | D:5      | Killed a troll
  6537 | D:5      | Reached *** piety under Okawaru
  6537 | D:5      | Reached XP level 10. HP: 87/89 MP: 9/12
  6691 | D:5      | Identified the cursed amulet "Fucleit" {Harm *Drain +Blink
                  | rC+++ Str+4 Slay-4, (Curse: Fragile)}
  6825 | D:5      | Found a bloodstained altar of Trog.
  6894 | D:5      | Reached skill level 12 in Long Blades
  6950 | D:5      | Identified the +13 crystal plate of the Gravedigger {MR+
                  | Str+3 +Vis} (Okawaru gifted it to you on level 5 of the
                  | Dungeon)
  6950 | D:5      | Received a gift from Okawaru
  7155 | D:5      | Reached skill level 9 in Fighting
  7155 | D:5      | Reached skill level 5 in Invocations
  7225 | D:5      | Reached **** piety under Okawaru
  7233 | D:5      | Reached skill level 9 in Armour
  7768 | D:6      | Reached skill level 13 in Long Blades
  7799 | D:6      | Reached ***** piety under Okawaru
  7803 | D:6      | Reached XP level 11. HP: 81/99 MP: 1/13
  7883 | D:6      | HP: 49/99 [poisoned by a soldier ant]
  7889 | D:6      | HP: 47/99 [poisoned by a soldier ant]
  7894 | D:6      | HP: 46/99 [poisoned by a soldier ant]
  7899 | D:6      | HP: 46/99 [poisoned by a soldier ant]
  7906 | D:6      | HP: 47/99 [poisoned by a soldier ant]
  7914 | D:6      | HP: 49/99 [poisoned by a soldier ant]
  7966 | D:5      | HP: 42/99 [wolf spider zombie (13)]
  8119 | D:6      | Noticed an eight-headed hydra
  8146 | D:5      | HP: 48/99 [ten-headed hydra (15)]
  8151 | D:5      | HP: 23/99 [14-headed hydra (7)]
  8151 | D:5      | HP: 4/99 [14-headed hydra (11)]
  8429 | D:6      | Found a staircase to the Orcish Mines.
  8457 | D:6      | Reached skill level 10 in Fighting
  8529 | D:6      | Reached skill level 10 in Armour
  8651 | D:6      | Found a roughly hewn altar of Beogh.
  8777 | D:6      | HP: 49/100 [manticore (2)]
  8975 | D:6      | Reached skill level 14 in Long Blades
  8986 | D:6      | Received a gift from Okawaru
  9094 | D:6      | Found a shimmering altar of Xom.
  9216 | D:7      | Noticed a fire dragon
  9225 | D:7      | Noticed a four-headed hydra
  9248 | D:6      | Killed a fire dragon
  9359 | D:7      | Noticed a rakshasa
  9378 | D:6      | Killed a rakshasa
  9686 | D:6      | Found a shimmering altar of Xom.
  9773 | D:6      | Found a staircase to the Orcish Mines.
  9779 | D:6      | Found a roughly hewn altar of Beogh.
  9996 | D:6      | Identified the +2 ring mail of the Elephant {rElec rF-
                  | Str+2 Int+2} (Okawaru gifted it to you on level 6 of the
                  | Dungeon)
  9996 | D:6      | Received a gift from Okawaru
  9996 | D:6      | Reached skill level 11 in Fighting
 10070 | D:7      | Noticed a death knight
 10125 | D:7      | HP: 36/102 [??? (33)]
 10135 | D:7      | HP: 39/102 [manticore (1)]
 10136 | D:7      | Reached skill level 11 in Armour
 10141 | D:7      | HP: 13/102 [death knight] (9)]
 10146 | D:7      | HP: 9/102 [??? (7)]
 10147 | D:7      | Noticed a two-headed ogre
 10150 | D:7      | Killed a death knight
 10150 | D:7      | Reached skill level 15 in Long Blades
 10153 | D:7      | Noticed an ogre mage
 10156 | D:7      | HP: 40/102 [meliai zombie (3)]
 10171 | D:7      | HP: 24/102 [manticore (9)]
 10176 | D:7      | HP: 19/102 [manticore (6)]
 10178 | D:7      | Reached ****** piety under Okawaru
 10538 | D:7      | Reached XP level 12. HP: 94/110 MP: 14/14
 10668 | D:7      | Noticed a death knight
 10721 | D:7      | HP: 45/110 [??? (42)]
 10725 | D:7      | HP: 21/110 [??? (18)]
 10730 | D:7      | HP: 7/110 [death knight/cursed +1 broad axe of pain
                  | {(Curse: Fragile)} (4)]
 10731 | D:7      | Killed a death knight
 10756 | D:7      | Slain by a small abomination

Vanquished Creatures
  A fire dragon (D:6)
  A death knight (D:7)
  A rakshasa (D:6)
  A two-headed ogre (D:7)
  A hydra (D:7)
  3 manticores
  Joseph (D:4)
  A gargoyle (D:7)
  Maurice (D:4)
  2 ugly things (D:6)
  An elephant (D:5)
  A yaktaur (D:7)
  5 trolls
  An efreet (D:7)
  A komodo dragon (D:7)
  A wraith (D:6)
  A vampire (D:7)
  A steam dragon (D:4)
  4 hippogriffs
  2 shadows (D:6)
  3 yaks (D:5)
  A basilisk (D:5)
  An acid dragon (D:6)
  2 wyverns
  2 slime creatures
  A hungry ghost (D:6)
  A small abomination (D:7)
  2 vampire mosquitoes
  2 soldier ants
  2 wolf spider zombies
  6 orc warriors
  A necrophage (D:4)
  4 porcupines
  2 ice beasts
  2 scorpions
  7 sky beasts
  A black bear (D:5)
  A redback zombie (D:7)
  An eye of draining (D:6)
  3 ogres
  2 crocodiles
  4 big kobolds
  10 bullfrogs
  A meliai zombie (D:7)
  2 centaurs
  4 howler monkeys
  5 killer bees
  A wight (D:7)
  A crimson imp (D:4)
  A hornet zombie (D:4)
  2 orc priests (D:6)
  6 hounds
  6 jellies
  6 orc wizards
  An iguana (D:5)
  2 wyvern zombies (D:4)
  9 worker ants
  2 wyvern skeletons
  6 giant cockroaches
  2 bullfrog zombies
  A porcupine skeleton (D:3)
  A shadow imp (D:4)
  12 adders
  A bullfrog skeleton (D:6)
  39 sewer rats
  A white imp (D:4)
  6 cinder newts
  5 worms
  A howler monkey zombie (D:5)
  4 oozes
  6 leopard geckos
  32 orcs
  An adder skeleton (D:2)
  An adder zombie (D:5)
  A bat (D:1)
  3 goblins (D:1)
  A hobgoblin (D:1)
  2 quokkas
  3 ball pythons (D:2)
  A bat skeleton (D:2)
  19 kobolds
  3 rats (D:1)
  2 butterflies (D:5)
  2 withered plants (D:2)
297 creatures vanquished.

Vanquished Creatures (others)
  A death knight (D:7)
  2 kobolds (D:2)
  A ball python (D:2)
  A quokka skeleton (D:2)
  A rat (D:2)
  9 butterflies
  A giant blowfly (D:6)
  3 slimeheads (D:2)
  91 withered plants (D:2)
110 creatures vanquished.

Grand Total: 407 creatures vanquished

Table legend:
 A = Turns spent in this place as a percentage of turns spent in the entire game.
 B = Non-inter-level travel turns spent in this place as a percentage of non-inter-level travel turns spent in the entire game.
 C = Inter-level travel turns spent in this place as a percentage of turns spent in this place.
 D = Turns resting spent in this place as a percentage of non-inter-level travel turns spent in this place.
 E = Turns spent auto-exploring this place as a percentage of non-inter-level travel turns spent in this place.
 F = Non-inter-level travel turns spent in this place divided by the number of levels of this place that you've seen.
                   A       B       C       D       E      F
               +-------+-------+-------+-------+-------+----------------------
         Total | 100.0 | 100.0 |   6.7 |  27.6 |  47.4 | 1114.7
       Dungeon |  96.5 |  97.1 |   6.2 |  27.6 |  47.1 | 1391.0
        Temple |   3.0 |   2.5 |  24.4 |  29.8 |  68.1 | 248.0
        Market |   0.4 |   0.5 |   0.0 |   0.0 |   0.0 |  47.0
               +-------+-------+-------+-------+-------+----------------------
